| TOP OF THE 1ST |
|
Kane County Cougars batting - Pitching for Augusta GreenJackets : RHP John Bittinger
|
|
Pitching: RHP John Bittinger
|
|
|
Batting: RHB Ernesto Zamora
|
0-0: Foul Ball, location: 2F 0-1: Ground out 6-3 (Groundball, 56, EV 86.2 MPH)
|
|
Batting: RHB Paul Schreiber
|
0-0: Ball 1-0: Called Strike 1-1: Ball 2-1: DOUBLE (Line Drive, 3D, EV 95.0 MPH)
|
|
Batting: SHB Evan Armagost
|
0-0: Ball 1-0: Ball 2-0: Foul Ball, location: 2F 2-1: Ground out 4-3 (Groundball, 4, EV 91.2 MPH) Paul Schreiber to third
|
|
Batting: RHB Steve Machol
|
0-0: Ball Balk! Paul Schreiber scores 1-0: Called Strike 1-1: Ground out 3-1 (Groundball, 34S, EV 90.6 MPH)
|
| Top of the 1st over - 1 run, 1 hit, 0 errors, 0 left on base; Kane County 1 - Augusta 0 |
| BOTTOM OF THE 1ST |
|
Augusta GreenJackets batting - Pitching for Kane County Cougars : LHP Afanasy Apatenko
|
|
Pitching: LHP Afanasy Apatenko
|
|
|
Batting: RHB Jonathan Reece
|
0-0: Called Strike 0-1: Called Strike 0-2: Ball 1-2: Ball 2-2: DOUBLE (Flyball, 8RXD, EV 96.9 MPH)
|
|
Batting: RHB Mike Buchanan
|
0-0: Swinging Strike 0-1: Ball 1-1: Foul Ball, location: 2F 1-2: Foul Ball, location: 2F 1-2: Ball 2-2: Ball 3-2: Foul Ball, location: 2F 3-2: Base on Balls
|
|
Batting: RHB Sadataka Kuwahara
|
0-0: Ball 1-0: Ball 2-0: Ball 3-0: Called Strike 3-1: Base on Balls Jonathan Reece to third Mike Buchanan to second
|
|
Batting: RHB Chris King
|
0-0: Ball 1-0: Ball 2-0: Fly out, F8 (Flyball, 8RM, EV 77.5 MPH)
|
|
Batting: LHB Al Hernandez
|
0-0: Fly out, F8 (Flyball, 8LD, EV 95.0 MPH) Runner from 3rd tags up, SCORES, no throw by CF
|
|
Batting: LHB Josh Straub
|
0-0: Ground out U3 (Groundball, 34, EV 106.2 MPH)
|
| Bottom of the 1st over - 1 run, 1 hit, 0 errors, 2 left on base; Kane County 1 - Augusta 1 |
| TOP OF THE 2ND |
|
Kane County Cougars batting - Pitching for Augusta GreenJackets : RHP John Bittinger
|
|
Batting: RHB Chad Mendoza
|
0-0: Ball 1-0: Foul Ball, location: 2F 1-1: Foul Ball, location: 2F 1-2: Ball 2-2: Ball 3-2: Fly out, F8 (Line Drive, 78D, EV 96.2 MPH)
|
|
Batting: RHB Larry Hardman
|
0-0: Foul Ball, location: 2F 0-1: Ball 1-1: Called Strike 1-2: Foul Ball, location: 2F 1-2: Ball 2-2: Foul Ball, location: 2F 2-2: Foul Ball, location: 2F 2-2: Ball 3-2: Foul Ball, location: 2F 3-2: Foul Ball, location: 2F 3-2: Foul Ball, location: 2F 3-2: DOUBLE (Groundball, 5L, EV 101.2 MPH)
|
|
Batting: LHB Jeff Harmon
|
0-0: Ground out 6-3 (Groundball, 56, EV 84.4 MPH)
|
|
Batting: RHB Sergio Manzanero
|
0-0: Swinging Strike 0-1: Ball 1-1: Ground out 6-3 (Groundball, 6, EV 88.1 MPH)
|
| Top of the 2nd over - 0 runs, 1 hit, 0 errors, 1 left on base; Kane County 1 - Augusta 1 |
| BOTTOM OF THE 2ND |
|
Augusta GreenJackets batting - Pitching for Kane County Cougars : LHP Afanasy Apatenko
|
|
Batting: RHB Dinand Brouwer
|
0-0: DOUBLE (Line Drive, 7LD, EV 103.8 MPH)
|
|
Batting: RHB Gabe Ochoa
|
0-0: Fly out, F8 (Flyball, 8LM, EV 78.8 MPH)
|
|
Batting: LHB Gabe Velez
|
0-0: Called Strike 0-1: Foul Ball, location: 2F 0-2: Ball 1-2: Ball 2-2: Ball 3-2: Base on Balls
|
|
Batting: RHB Jonathan Reece
|
0-0: Hit by Pitch Dinand Brouwer to third Gabe Velez to second
|
|
Batting: RHB Mike Buchanan
|
0-0: Ball 1-0: Ball 2-0: Ball 3-0: Called Strike 3-1: Base on Balls Dinand Brouwer scores Gabe Velez to third Jonathan Reece to second
|
|
Batting: RHB Sadataka Kuwahara
|
0-0: Swinging Strike 0-1: Ball 1-1: Ball 2-1: Foul Ball, location: 2F 2-2: Ball Wild Pitch! Gabe Velez scores Jonathan Reece to third Mike Buchanan to second 3-2: Base on Balls
|
|
Pitching: RHP Shigezo Shoji
|
|
|
Batting: RHB Chris King
|
0-0: Called Strike 0-1: Foul Ball, location: 2F 0-2: SINGLE (Groundball, 15S, EV 60.6 MPH) (infield hit) Jonathan Reece scores Mike Buchanan to third Sadataka Kuwahara to second
|
|
Batting: LHB Al Hernandez
|
0-0: Foul Ball, location: 2F 0-1: Ball 1-1: Swinging Strike 1-2: Strikes out swinging
|
|
Batting: LHB Josh Straub
|
0-0: Called Strike 0-1: Foul Ball, location: 2F 0-2: Ball 1-2: Ball 2-2: Strikes out looking
|
| Bottom of the 2nd over - 3 runs, 2 hits, 0 errors, 3 left on base; Kane County 1 - Augusta 4 |
| TOP OF THE 3RD |
|
Kane County Cougars batting - Pitching for Augusta GreenJackets : RHP John Bittinger
|
|
Batting: LHB Enrique Ponce
|
0-0: Called Strike 0-1: Ball 1-1: Ball 2-1: Ball 3-1: SINGLE (Groundball, 25, EV 68.8 MPH) (infield hit)
|
|
Batting: RHB Ernesto Zamora
|
0-0: Called Strike Enrique Ponce steals 2nd base 0-1: Foul Ball, location: 2F 0-2: Ball Wild Pitch! Enrique Ponce to third 1-2: Ball 2-2: Foul Ball, location: 2F 2-2: Strikes out swinging
|
|
Batting: RHB Paul Schreiber
|
0-0: Ball 1-0: Ground out 5-3 (Groundball, 5L, EV 85.6 MPH)
|
|
Batting: SHB Evan Armagost
|
0-0: Ball 1-0: Ball 2-0: Ground out 1-3 (Groundball, 13S, EV 64.4 MPH)
|
| Top of the 3rd over - 0 runs, 1 hit, 0 errors, 1 left on base; Kane County 1 - Augusta 4 |
| BOTTOM OF THE 3RD |
|
Augusta GreenJackets batting - Pitching for Kane County Cougars : RHP Shigezo Shoji
|
|
Batting: RHB Dinand Brouwer
|
0-0: Called Strike 0-1: Foul Ball, location: 2F 0-2: Strikes out swinging
|
|
Batting: RHB Gabe Ochoa
|
0-0: Called Strike 0-1: Swinging Strike 0-2: Fly out, F1 (Line Drive, P, EV 70.6 MPH)
|
|
Batting: LHB Gabe Velez
|
0-0: SOLO HOME RUN (Line Drive, 9LD, EV 92.5 MPH), Distance : 340 ft
|
|
Batting: RHB Jonathan Reece
|
0-0: Called Strike 0-1: Foul Ball, location: 2F 0-2: Foul Ball, location: 2F 0-2: Foul Ball, location: 2F 0-2: Ball 1-2: Ground out 6-3 (Groundball, 6, EV 82.5 MPH)
|
| Bottom of the 3rd over - 1 run, 1 hit, 0 errors, 0 left on base; Kane County 1 - Augusta 5 |
| TOP OF THE 4TH |
|
Kane County Cougars batting - Pitching for Augusta GreenJackets : RHP John Bittinger
|
|
Batting: RHB Steve Machol
|
0-0: Called Strike 0-1: Ground out 5-3 (Groundball, 5L, EV 88.8 MPH)
|
|
Batting: RHB Chad Mendoza
|
0-0: Ball 1-0: Ball 2-0: Foul Ball, location: 2F 2-1: Ball 3-1: Foul Ball, location: 2F 3-2: Foul Ball, location: 2F 3-2: Base on Balls
|
|
Batting: RHB Larry Hardman
|
0-0: Ball Chad Mendoza is caught stealing 2nd base 2-4 1-0: Ball 2-0: Ground out 1-3 (Groundball, P, EV 68.1 MPH)
|
| Top of the 4th over - 0 runs, 0 hits, 0 errors, 0 left on base; Kane County 1 - Augusta 5 |
| BOTTOM OF THE 4TH |
|
Augusta GreenJackets batting - Pitching for Kane County Cougars : RHP Shigezo Shoji
|
|
Batting: RHB Mike Buchanan
|
0-0: Hit by Pitch
|
|
Batting: RHB Sadataka Kuwahara
|
0-0: Ball Mike Buchanan steals 2nd base 1-0: Ground out 6-3 (Groundball, 56D, EV 81.2 MPH)
|
|
Batting: RHB Chris King
|
0-0: Ball 1-0: Called Strike 1-1: Called Strike Mike Buchanan steals 3rd base 1-2: Ball 2-2: Strikes out swinging
|
|
Batting: LHB Al Hernandez
|
0-0: Ball 1-0: Ground out 4-3 (Groundball, 4, EV 86.2 MPH)
|
| Bottom of the 4th over - 0 runs, 0 hits, 0 errors, 1 left on base; Kane County 1 - Augusta 5 |
| TOP OF THE 5TH |
|
Kane County Cougars batting - Pitching for Augusta GreenJackets : RHP John Bittinger
|
|
Batting: LHB Jeff Harmon
|
0-0: Ball 1-0: Called Strike 1-1: Ball 2-1: Foul Ball, location: 2F 2-2: Foul Ball, location: 2F 2-2: Strikes out looking
|
|
Batting: RHB Sergio Manzanero
|
0-0: Called Strike 0-1: Called Strike 0-2: Ball 1-2: Strikes out swinging
|
|
Batting: LHB Enrique Ponce
|
0-0: Ball 1-0: Called Strike 1-1: SINGLE (Groundball, 3D, EV 100.6 MPH)
|
|
Batting: RHB Ernesto Zamora
|
0-0: Ball Enrique Ponce is caught stealing 2nd base 2-4
|
| Top of the 5th over - 0 runs, 1 hit, 0 errors, 0 left on base; Kane County 1 - Augusta 5 |
| BOTTOM OF THE 5TH |
|
Augusta GreenJackets batting - Pitching for Kane County Cougars : RHP Shigezo Shoji
|
|
Batting: LHB Josh Straub
|
0-0: Ball 1-0: Foul Ball, location: 2F 1-1: Foul Ball, location: 2F 1-2: Foul Ball, location: 2F 1-2: Strikes out swinging
|
|
Pitching: RHP Tom Alatas
|
|
|
Batting: RHB Dinand Brouwer
|
0-0: Foul Ball, location: 2F 0-1: Ball 1-1: Swinging Strike 1-2: Foul Ball, location: 2F 1-2: Strikes out swinging
|
|
Batting: RHB Gabe Ochoa
|
0-0: Called Strike 0-1: Ball 1-1: Ball 2-1: Ground out 5-3 (Groundball, 5L, EV 80.6 MPH)
|
| Bottom of the 5th over - 0 runs, 0 hits, 0 errors, 0 left on base; Kane County 1 - Augusta 5 |
| TOP OF THE 6TH |
|
Kane County Cougars batting - Pitching for Augusta GreenJackets : RHP John Bittinger
|
|
Pitching: LHP Tommy McCusker
|
|
|
Batting: RHB Ernesto Zamora
|
0-0: Called Strike 0-1: Ground out 5-3 (Groundball, 56, EV 88.8 MPH)
|
|
Batting: RHB Paul Schreiber
|
0-0: Ground out 3-1 (Groundball, 13, EV 86.2 MPH)
|
|
Batting: SHB Evan Armagost
|
0-0: Called Strike 0-1: Ball 1-1: Foul Ball, location: 2F 1-2: Ball 2-2: Foul Ball, location: 2F 2-2: Ball 3-2: Foul Ball, location: 2F 3-2: Strikes out swinging
|
| Top of the 6th over - 0 runs, 0 hits, 0 errors, 0 left on base; Kane County 1 - Augusta 5 |
| BOTTOM OF THE 6TH |
|
Augusta GreenJackets batting - Pitching for Kane County Cougars : RHP Tom Alatas
|
|
Batting: LHB Gabe Velez
|
0-0: Ground out 5-3 (Groundball, 5L, EV 84.4 MPH)
|
|
Batting: RHB Jonathan Reece
|
0-0: Foul Ball, location: 2F 0-1: Foul Ball, location: 2F 0-2: Foul Ball, location: 2F 0-2: Ball 1-2: Ball 2-2: DOUBLE (Flyball, 8RXD, EV 101.9 MPH)
|
|
Batting: RHB Mike Buchanan
|
0-0: Ball 1-0: Ball Jonathan Reece steals 3rd base 2-0: Called Strike 2-1: Foul Ball, location: 2F 2-2: Foul Ball, location: 2F 2-2: Ball 3-2: SINGLE (Groundball, 6MS, EV 71.2 MPH) (infield hit) Jonathan Reece scores
|
|
Batting: RHB Sadataka Kuwahara
|
0-0: Ball 1-0: Called Strike 1-1: Swinging Strike 1-2: Strikes out swinging
|
|
Batting: RHB Chris King
|
0-0: Swinging Strike 0-1: Ball 1-1: Foul Ball, location: 2F 1-2: Fly out, F7 (Line Drive, 7D, EV 104.4 MPH)
|
| Bottom of the 6th over - 1 run, 2 hits, 0 errors, 1 left on base; Kane County 1 - Augusta 6 |
| TOP OF THE 7TH |
|
Kane County Cougars batting - Pitching for Augusta GreenJackets : LHP Tommy McCusker
|
|
Batting: RHB Steve Machol
|
0-0: Called Strike 0-1: SOLO HOME RUN (Flyball, 7D, EV 97.5 MPH), Distance : 381 ft
|
|
Batting: RHB Chad Mendoza
|
0-0: Called Strike 0-1: Called Strike 0-2: Strikes out swinging
|
|
Batting: RHB Larry Hardman
|
0-0: Foul Ball, location: 2F 0-1: Ground out 4-3 (Groundball, 4, EV 93.8 MPH)
|
|
Batting: LHB Jeff Harmon
|
0-0: Called Strike 0-1: Ball 1-1: Ball 2-1: Swinging Strike 2-2: Ball 3-2: Foul Ball, location: 2F 3-2: Strikes out swinging
|
| Top of the 7th over - 1 run, 1 hit, 0 errors, 0 left on base; Kane County 2 - Augusta 6 |
| BOTTOM OF THE 7TH |
|
Augusta GreenJackets batting - Pitching for Kane County Cougars : RHP Tom Alatas
|
|
Pitching: LHP Heath Henderson
|
|
|
Batting: LHB Al Hernandez
|
0-0: Foul Ball, location: 2F 0-1: Ball 1-1: SINGLE (Groundball, 34D, EV 100.6 MPH)
|
|
Batting: LHB Josh Straub
|
0-0: Ball 1-0: Bunted foul 1-1: Bunted foul 1-2: Ball 2-2: Foul Ball, location: 2F 2-2: Ball 3-2: SINGLE (Line Drive, 56D, EV 95.6 MPH) Al Hernandez to second
|
|
Batting: RHB Dinand Brouwer
|
0-0: Foul Ball, location: 2F 0-1: Foul Ball, location: 2F 0-2: Hit by Pitch Al Hernandez to third Josh Straub to second
|
|
Batting: RHB Gabe Ochoa
|
0-0: Fly out, F8 (Flyball, 8RD, EV 76.9 MPH) Runner from 3rd tags up, SCORES, throw by CF Josh Straub to third
|
|
Batting: LHB Gabe Velez
|
0-0: Swinging Strike 0-1: Swinging Strike 0-2: Ball 1-2: Strikes out swinging
|
|
Batting: RHB Jonathan Reece
|
0-0: Called Strike 0-1: Ground out 4-3 (Groundball, 4, EV 100.6 MPH)
|
| Bottom of the 7th over - 1 run, 2 hits, 0 errors, 2 left on base; Kane County 2 - Augusta 7 |
| TOP OF THE 8TH |
|
Kane County Cougars batting - Pitching for Augusta GreenJackets : LHP Tommy McCusker
|
|
Batting: RHB Sergio Manzanero
|
0-0: Ball 1-0: Swinging Strike 1-1: Ball 2-1: Ball 3-1: Called Strike 3-2: DOUBLE (Flyball, 78D, EV 86.2 MPH)
|
|
Pitching: LHP Matt Wass
|
|
|
Batting: LHB Enrique Ponce
|
0-0: Called Strike 0-1: Ball 1-1: Called Strike 1-2: SINGLE (Flyball, 3D, EV 97.5 MPH) Sergio Manzanero to third
|
|
Batting: RHB Ernesto Zamora
|
0-0: Ball 1-0: Foul Ball, location: 2F 1-1: Ball 2-1: Ball 3-1: Foul Ball, location: 2F 3-2: Grounds into double play, 6-4-3 (Groundball, 6, EV 88.8 MPH) Sergio Manzanero scores
|
|
Batting: RHB Paul Schreiber
|
0-0: Ball 1-0: Ball 2-0: Swinging Strike 2-1: Foul Ball, location: 2F 2-2: Foul Ball, location: 2F 2-2: Foul Ball, location: 2F 2-2: Strikes out looking
|
| Top of the 8th over - 1 run, 2 hits, 0 errors, 0 left on base; Kane County 3 - Augusta 7 |
| BOTTOM OF THE 8TH |
|
Augusta GreenJackets batting - Pitching for Kane County Cougars : LHP Heath Henderson
|
|
Pitching: RHP Dan Thompson
|
|
|
Batting: RHB Mike Buchanan
|
0-0: Called Strike 0-1: Foul Ball, location: 2F 0-2: Hit by Pitch
|
|
Batting: RHB Sadataka Kuwahara
|
0-0: Called Strike 0-1: Called Strike 0-2: Ball 1-2: Ball 2-2: Strikes out swinging
|
|
Batting: RHB Chris King
|
0-0: Ball Mike Buchanan steals 2nd base 1-0: Foul Ball, location: 2F 1-1: Foul Ball, location: 2F 1-2: Strikes out swinging
|
|
Batting: LHB Al Hernandez
|
0-0: Ball 1-0: Foul Ball, location: 2F 1-1: Ball 2-1: Ball 3-1: Foul Ball, location: 2F 3-2: Foul Ball, location: 2F 3-2: Foul Ball, location: 2F 3-2: Base on Balls
|
|
Batting: LHB Josh Straub
|
0-0: Ball 1-0: Ball 2-0: Ball 3-0: Called Strike 3-1: Base on Balls Mike Buchanan to third Al Hernandez to second
|
|
Batting: RHB Dinand Brouwer
|
0-0: SINGLE (Flyball, 6D, EV 90.0 MPH) Mike Buchanan scores Al Hernandez to third Josh Straub to second
|
|
Batting: RHB Gabe Ochoa
|
0-0: Ball 1-0: Called Strike 1-1: Called Strike 1-2: Ball 2-2: Ball 3-2: Strikes out looking
|
| Bottom of the 8th over - 1 run, 1 hit, 0 errors, 3 left on base; Kane County 3 - Augusta 8 |
| TOP OF THE 9TH |
|
Kane County Cougars batting - Pitching for Augusta GreenJackets : LHP Matt Wass
|
|
Batting: SHB Evan Armagost
|
0-0: Ball 1-0: Ground out U3 (Groundball, 3, EV 107.5 MPH)
|
|
Batting: RHB Steve Machol
|
0-0: Fly out, F7 (Flyball, 7D, EV 105.0 MPH)
|
|
Batting: RHB Chad Mendoza
|
0-0: SINGLE (Groundball, 34D, EV 105.0 MPH)
|
|
Batting: RHB Larry Hardman
|
0-0: Called Strike 0-1: Ball 1-1: Ball 2-1: Called Strike 2-2: Ball Passed Ball! Chad Mendoza to second 3-2: Strikes out swinging
|
| Top of the 9th over - 0 runs, 1 hit, 0 errors, 1 left on base; Kane County 3 - Augusta 8 |
|